 Seeded DCSS version 0.30.1-11-g7821555f0a (webtiles) character file.

Game seed: 5 (custom seed)

59919 Kazon the Blocker (level 14, -8/86 HPs)
             Began as a Gargoyle Fighter on Nov 30, 2023.
             Was a High Priest of Okawaru.
             Mangled by a salamander
             ... wielding a +0 halberd
              (17 damage)
             ... on level 2 of the Snake Pit on Dec 1, 2023.
             The game lasted 01:33:43 (14862 turns).

Kazon the Blocker (Gargoyle Fighter)               Turns: 14862, Time: 01:33:44

Health: -8/86      AC: 31    Str: 22    XL:     14   Next: 97%
Magic:  0/22       EV: 17    Int:  8    God:    Okawaru [*****.]
Gold:   1485       SH: 21    Dex: 19    Spells: 13/13 levels left

rFire   + . .        h - +10 zealot's sword {holy, Zealotry, *Rage rN+ EV+3}
rCold   + . .        c - +0 tower shield
rNeg    + + .        S - +2 troll leather armour {Snorg}
rPois   ∞            V - +2 helmet
rElec   +            b - scarf {rC+ rF+}
rCorr   .            I - +0 pair of gloves
SInv    .            (no boots)
Will    +....        B - amulet of guardian spirit
Stlth   +++++        O - ring of the Tortoise {AC+8}
HPRegen 1.14/turn    w - +6 ring of dexterity
MPRegen 0.18/turn

%: random rage (20%), guardian spirit
@: heroic, on berserk cooldown, flying, slowed, constricted, very slow
A: sickness immunity, AC +10, big wings, negative energy resistance 1,
electricity resistance, torment resistance 1, petrification resistance
a: Renounce Religion, Heroism, Finesse, Duel


You were on level 2 of the Snake Pit.
You worshipped Okawaru.
Okawaru was extremely pleased with you.
You visited 4 branches of the dungeon, and saw 20 of its levels.
You also visited: Ossuary and Ice Cave.

You collected 1819 gold pieces.
You spent 334 gold pieces at shops.

Inventory:

Hand Weapons
 d - the +4 falchion "Giantbane" {drain, rElec}
   (You bought it in a shop on level 1 of the Snake Pit)

   rElec:     It insulates you from electricity.
 e - a +2 vampiric dagger
 f - a +2 demon blade of flaming
 h - the +10 zealot's sword (weapon) {holy, Zealotry, *Rage rN+ EV+3}
   (You found it on level 3 of the Lair of Beasts)

   Zealotry:  Whenever the wielder enters a berserk rage, their allies are
   berserked alongside them.
   EV:        It affects your evasion (+3).
   rN:        It protects you from negative energy.
   *Rage:     It berserks you when you make melee attacks (+20% chance).
 q - a +1 demon whip of venom
 U - a +0 demon whip of flaming
Missiles
 m - 9 javelins
 o - 17 boomerangs (quivered)
 r - 12 poisoned darts
 C - a curare-tipped dart
 M - 2 throwing nets
 Q - 2 atropa-tipped darts
 T - 4 silver boomerangs
Armour
 b - a scarf of resistance (worn)
 c - a +0 tower shield (worn)
 z - the +6 crystal plate armour of the Cartwright {-Tele rF++ rC+ Str+2}
   (Okawaru gifted it to you on level 5 of the Lair of Beasts)

   Str:       It affects your strength (+2).
   rF:        It greatly protects you from fire.
   rC:        It protects you from cold.
   -Tele:     It prevents most forms of teleportation.
 I - a +0 pair of gloves (worn)
 S - a +2 troll leather armour (worn) {Snorg}
 V - a +2 helmet (worn)
Jewellery
 w - a +6 ring of dexterity (right hand)
 B - an amulet of guardian spirit (around neck)
 G - a ring of protection from cold
 O - the ring of the Tortoise (left hand) {AC+8}
   (You found it in an ice cave)

   [ring of protection]

   AC:        It affects your AC (+8).
Wands
 s - a wand of iceblast (5)
 y - a wand of paralysis (23)
 K - a wand of light (15)
 N - a wand of digging (7)
 P - a wand of polymorph (4)
 X - a wand of flame (4)
Scrolls
 i - 2 scrolls of identify
 k - 5 scrolls of teleportation
 l - 4 scrolls of blinking {unknown}
 n - 2 scrolls of magic mapping {unknown}
 p - 3 scrolls of fog {unknown}
 x - a scroll of amnesia {unknown}
 D - a scroll of poison {unknown}
 E - 3 scrolls of enchant armour
 F - 3 scrolls of fear {unknown}
 H - 2 scrolls of enchant weapon {unknown}
 W - 2 scrolls of noise {unknown}
 Z - a scroll of silence
Potions
 a - a potion of ambrosia {unknown}
 g - a potion of resistance
 j - 11 potions of curing
 t - 3 potions of berserk rage
 u - 3 potions of invisibility
 v - 7 potions of heal wounds
 A - 3 potions of lignification
 J - 3 potions of might
 L - 2 potions of cancellation
 R - a potion of haste
Miscellaneous
 Y - a phial of floods


   Skills:
 + Level 9.3(14.3) Fighting
 + Level 2.0(12.2) Short Blades
 + Level 11.0(16.1) Long Blades
 + Level 6.1(11.1) Maces & Flails
 + Level 6.1(11.1) Throwing
 + Level 6.3(11.3) Armour
 + Level 5.3(10.3) Dodging
 + Level 6.9(11.9) Stealth
 + Level 11.8(16.8) Shields
 * Level 11.2 Invocations
 * Level 8.8 Evocations


You had 13 spell levels left.
You didn't know any spells.
Your spell library contained the following spells:

 Spells                   Type           Power      Damage    Failure   Level
 Foxfire                  Conj/Fire      0%         2x1d4     73%         1
 Necrotise                Necr           0%         1d4       73%         1
 Ensorcelled Hibernation  Hex/Ice        0%         N/A       86%         2
 Passwall                 Tmut/Erth      0%         N/A       86%         2
 Static Discharge         Conj/Air       0%         2-2/arc   86%         2
 Frozen Ramparts          Ice            0%         1d1       97%         3
 Hailstorm                Conj/Ice       0%         3d3       97%         3
 Ignite Poison            Fire/Tmut/Pois 0%         N/A       97%         3
 Swiftness                Air            0%         N/A       97%         3
 Vampiric Draining        Necr           0%         2d6       97%         3
 Airstrike                Air            0%         2d(0-16)  100%        4
 Ice Form                 Ice/Tmut       0%         N/A       100%        4
 Leda's Liquefaction      Hex/Erth       0%         N/A       100%        4
 Sticky Flame             Conj/Fire      0%         2d3       100%        4
 Agony                    Necr           0%         N/A       100%        5
 Alistair's Intoxication  Tmut/Pois      0%         N/A       100%        5
 Borgnjor's Vile Clutch   Necr/Erth      0%         N/A       100%        5
 Fireball                 Conj/Fire      0%         3d3       100%        5
 Lee's Rapid Deconstruct  Erth           0%         3d4*      100%        5
 Conjure Ball Lightning   Conj/Air       0%         3x3d6     100%        6
 Eringya's Noxious Bog    Tmut/Pois      0%         N/A       100%        6
 Plasma Beam              Fire/Air       0%         2x1d11    100%        6
 Starburst                Conj/Fire      0%         6d3       100%        6
 Discord                  Hex            0%         N/A       100%        8
 Disjunction              Tloc           0%         N/A       100%        8
 Ignition                 Fire           0%         3d3       100%        8
 Summon Ice Beast         Ice/Summ       Unusable   N/A       N/A         4
 Summon Lightning Spire   Summ/Air       Unusable   N/A       N/A         4
 Summon Forest            Summ/Tloc      Unusable   N/A       N/A         5
 Simulacrum               Ice/Necr       Unusable   N/A       N/A         6
 Statue Form              Tmut/Erth      Unusable   N/A       N/A         6
 Summon Hydra             Summ           Unusable   N/A       N/A         7

Dungeon Overview and Level Annotations

Branches:
Dungeon (12/15)            Temple (1/1) D:4            Lair (5/5) D:8
  Swamp (0/4) Lair:3        Snake (1/4) Lair:3        Slime (0/5) Lair:5
    Orc (0/2) D:11        Ossuary (visited)           IceCv (visited)

Altars:
Dithmenos
Fedhas
Gozag
Hepliaklqana
Okawaru
Qazlal
Sif Muna
Trog
Uskayaw
Wu Jian
Xom
Zin
The Shining One

Shops:
D:8 *   Snake:1 (![

Annotations:
Snake:1 Nikola


Innate Abilities, Weirdness & Mutations

You are immune to sickness and miasma.
Your stone body is resilient. (AC +10)
You are immune to poison.
Your large and strong wings let you fly.
You resist negative energy. (rN+)
You are resistant to electric shocks. (rElec)
You are resistant to unholy torment.
You are immune to petrification.


Message History

The naga warrior spits poison at you. You block the splash of poison.
You hit the naga warrior.
The naga warrior is moderately wounded.
The naga sharpshooter shoots an arrow.
The arrow hits you!
The naga warrior hits you with a +2 short sword of venom!!
You block the naga warrior's attack.
The naga sharpshooter shoots an arrow.
You block the arrow.
You slash the naga warrior!
The naga warrior is heavily wounded.
You block the naga warrior's attack. The naga warrior grabs you.
The naga warrior constricts you.
The naga sharpshooter mumbles some strange words.
The naga sharpshooter magically shoots an arrow.
You block the arrow.
The salamander hits you from afar with a +0 halberd!
You are engulfed in flames!
You resist.
You slice the naga sharpshooter!!
The naga sharpshooter is heavily wounded.
You block the naga warrior's attack. The naga warrior constricts you.
The naga sharpshooter spits poison at you.
You block the splash of poison.
The salamander hits you but does no damage.
Unknown command.
You barely miss the naga sharpshooter.
The naga sharpshooter is heavily wounded.
You block the naga warrior's attack. The naga warrior constricts you.
The naga sharpshooter casts a spell.
The naga sharpshooter magically shoots an arrow.
The arrow hits you! You block the salamander's attack.
The naga warrior spits poison at you. You block the splash of poison.
The naga warrior constricts you.
You gain the combat prowess of a mighty hero.
The naga sharpshooter shoots an arrow.
The arrow closely misses you.
The arrow hits the naga warrior!
You block the salamander's attack. You block the naga warrior's attack.
The naga warrior constricts you.
The naga sharpshooter shoots an arrow.
The arrow hits you!!
* * * LOW HITPOINT WARNING * * *
The salamander hits you from afar with a +0 halberd!!
You die...

...> ... .....>
... ...... ..
....### .. ##
...#.###.##..
##.#...#.N.
##......#.#
##......N@N#
###..........##
##[......).....#
#..............#
#.............##
.#...........#
#####......##
#..##.##
##.#....


You could see a naga warrior, a naga sharpshooter (strong) and a salamander
(strong).

Vanquished Creatures
  A white draconian (IceCv)
  Snorg (D:10)
  6 hydras
  2 boulder beetles
  2 two-headed ogres
  2 anacondas (Snake:1)
  A naga warrior (Snake:1)
  3 death yaks (Lair:2)
  A tengu warrior (D:11)
  2 naga sharpshooters (Snake:1)
  A shock serpent (Snake:1)
  A skyshark (Lair:4)
  Amaemon (Arena)
  A naga ritualist (Snake:1)
  3 mana vipers (Snake:1)
  12 elephants
  2 salamanders (Snake:1)
  Maurice (D:9)
  7 black mambas
  A guardian serpent (Snake:1)
  15 cane toads
  A naga mage (Snake:1)
  An orange demon (Lair:2)
  4 rime drakes (IceCv)
  An unseen horror (D:10)
  10 komodo dragons
  8 polar bears
  A troll (D:11)
  A dream sheep (Lair:5)
  6 hornets
  5 blink frogs
  4 shadows
  Sigmund (D:4)
  3 vampires
  11 spriggans (Lair:5)
  A wraith (D:11)
  8 wyverns
  27 yaks
  6 basilisks
  3 steam dragons
  2 vampire mosquitoes (D:10)
  2 swamp worms (Lair:3)
  6 nagas
  Duvessa (D:6)
  18 water moccasins
  An ice beast (D:8)
  2 orc warriors
  A sky beast (D:7)
  7 black bears
  46 wolves
  5 centaurs
  2 ogres
  4 boggarts (Lair:5)
  A phantom (D:11)
  An elf zombie (Ossuary)
  3 kobold brigands
  12 bullfrogs
  A gnoll sergeant (D:8)
  3 scorpions
  23 wights
  12 killer bees
  A troll zombie (D:11)
  Dowan (D:6)
  4 lindwurm simulacra (IceCv)
  4 howler monkeys
  A vampire bat (D:7)
  2 electric eels
  3 komodo dragon simulacra (IceCv)
  6 hounds
  A wyvern simulacrum (D:8)
  A centaur zombie (Ossuary)
  7 orc priests
  3 human zombies (Ossuary)
  A jelly (D:5)
  13 orc wizards
  6 iguanas
  11 ogre zombies
  A centaur simulacrum (D:8)
  7 mummies (Ossuary)
  9 gnolls
  9 adders
  5 acid dragon simulacra (IceCv)
  A shadow imp (D:8)
  13 white imps
  2 ufetubi
  9 steam dragon simulacra (IceCv)
  A worm zombie (D:7)
  2 adder zombies (Ossuary)
  3 worms
  32 orcs
  12 bats
  9 endoplasms
  A giant cockroach (D:1)
  12 goblins
  7 hobgoblins
  11 jackals
  22 kobolds
  3 quokkas (D:4)
  6 ball pythons
  3 frilled lizards
  A goblin skeleton (D:11)
  7 goblin zombies
  2 hobgoblin skeletons (D:11)
  10 hobgoblin zombies
  3 kobold zombies
  14 orc zombies (D:11)
  4 quokka zombies (Ossuary)
  4 rats
  4 rat zombies (Ossuary)
615 creatures vanquished.

Vanquished Creatures (others)
  A mana viper (Snake:1)
  A naga (Snake:1)
2 creatures vanquished.

Grand Total: 617 creatures vanquished

Notes
Turn   | Place    | Note
-------+----------+-------------------------------------------
     0 | D:1      | Kazon the Gargoyle Fighter began the quest for the Orb.
     0 | D:1      | Reached XP level 1. HP: 14/14 MP: 1/1
    29 | D:1      | Identified a scroll of acquirement
    29 | D:1      | Acquired a +2 demon blade of flaming
    45 | D:1      | Reached XP level 2. HP: 13/19 MP: 2/2
   288 | D:1      | Reached XP level 3. HP: 23/23 MP: 3/3
   323 | D:1      | Reached skill level 1 in Stealth
   805 | D:2      | Reached skill level 1 in Long Blades
   969 | D:2      | Reached XP level 4. HP: 29/29 MP: 4/4
  1506 | D:3      | Found a blossoming altar of Fedhas.
  1526 | D:3      | Reached XP level 5. HP: 33/33 MP: 5/5
  1728 | D:3      | Found a stormy altar of Qazlal.
  1816 | D:3      | Identified the +2 sling "Qeuhanocyt" {speed, rElec Str-3
                  | Dex+2}
  1935 | D:3      | Found a faded altar of an unknown god.
  1964 | D:4      | Found a staircase to the Ecumenical Temple.
  1981 | Temple   | Entered the Ecumenical Temple
  1995 | Temple   | Became a worshipper of Warmaster Okawaru
  2038 | D:4      | Found a shadowy altar of Dithmenos.
  2038 | D:4      | Found a hazy altar of Hepliaklqana.
  2038 | D:4      | Noticed a shadow
  2044 | D:4      | Noticed a black bear
  2071 | D:4      | Killed a black bear
  2072 | D:4      | Reached skill level 1 in Throwing
  2138 | D:4      | Noticed Sigmund
  2143 | D:4      | Killed Sigmund
  2144 | D:4      | Reached skill level 1 in Short Blades
  2144 | D:4      | Reached skill level 1 in Invocations
  2144 | D:4      | Reached XP level 6. HP: 25/38 MP: 7/7
  2257 | D:4      | Reached * piety under Okawaru
  2258 | D:4      | Reached XP level 7. HP: 38/43 MP: 8/8
  2619 | D:4      | Reached skill level 1 in Evocations
  2778 | D:5      | Entered Level 5 of the Dungeon
  2865 | D:5      | Reached ** piety under Okawaru
  2925 | D:5      | Reached skill level 5 in Shields
  2937 | D:5      | Reached XP level 8. HP: 48/48 MP: 9/9
  3207 | D:6      | Noticed Dowan
  3209 | D:6      | Noticed Duvessa
  3217 | D:6      | Killed Duvessa
  3218 | D:6      | Reached skill level 1 in Dodging
  3223 | D:6      | Killed Dowan
  3425 | D:6      | Reached *** piety under Okawaru
  3446 | D:6      | Found a shimmering altar of Xom.
  3741 | D:7      | Noticed a two-headed ogre
  3760 | D:7      | Killed a two-headed ogre
  3760 | D:7      | Reached **** piety under Okawaru
  3761 | D:7      | Reached skill level 5 in Stealth
  3761 | D:7      | Reached XP level 9. HP: 14/52 MP: 4/12
  3778 | D:7      | Reached skill level 5 in Armour
  3841 | D:7      | Found a sand-covered staircase.
  3868 | Ossuary  | Entered an ossuary
  4073 | Ossuary  | Reached skill level 5 in Long Blades
  4292 | Ossuary  | Reached skill level 5 in Fighting
  4386 | D:7      | Reached ***** piety under Okawaru
  4512 | D:7      | Reached skill level 5 in Invocations
  4579 | D:7      | Reached XP level 10. HP: 59/59 MP: 14/14
  4647 | D:7      | Received a gift from Okawaru
  5017 | D:8      | Identified the +1 great sword of the Teaching Whale {flame,
                  | Int+2} (Okawaru gifted it to you on level 8 of the Dungeon)
  5017 | D:8      | Received a gift from Okawaru
  5310 | D:8      | Found a staircase to the Lair.
  5374 | D:8      | Found Izo Qiri's Assorted Antiques.
  5383 | D:8      | Bought a sedimented brown potion for 26 gold pieces
  5383 | D:8      | Bought a curved iron wand for 116 gold pieces
  5586 | D:8      | Reached XP level 11. HP: 58/65 MP: 16/16
  6297 | D:9      | You fall into a shaft and drop 2 floors!
  6480 | D:10     | Entered Level 10 of the Dungeon
  6572 | D:10     | Identified the +5 great mace of the Last Stars {drain,
                  | Str+3} (Okawaru gifted it to you on level 10 of the
                  | Dungeon)
  6572 | D:10     | Received a gift from Okawaru
  6574 | D:10     | Reached skill level 5 in Evocations
  7111 | D:9      | Noticed Maurice
  7124 | D:9      | Killed Maurice
  7508 | D:10     | Noticed Snorg
  7518 | D:10     | Killed Snorg
  7537 | D:10     | Found a shimmering blue altar of Sif Muna.
  7572 | D:10     | Noticed a two-headed ogre
  7581 | D:10     | Killed a two-headed ogre
  7850 | D:10     | Received a gift from Okawaru
  8268 | D:11     | Found a staircase to the Orcish Mines.
  8283 | D:11     | Noticed a tengu warrior
  8305 | D:11     | Killed a tengu warrior
  8306 | D:11     | Reached XP level 12. HP: 68/72 MP: 18/18
  8935 | D:11     | Noticed a boulder beetle
  8957 | D:11     | Killed a boulder beetle
  9045 | D:12     | Found a frozen archway.
  9059 | IceCv    | Entered an ice cave
  9152 | IceCv    | Found the ring of the Tortoise {AC+8}
  9315 | IceCv    | Noticed a white draconian
  9355 | IceCv    | Killed a white draconian
  9355 | IceCv    | Received a gift from Okawaru
  9421 | IceCv    | Identified the ring of Omumul {*Corrode rC+ Int+5 Dex+2
                  | Stlth+}
  9692 | Lair:1   | Entered Level 1 of the Lair of Beasts
 10191 | Lair:1   | Received a gift from Okawaru
 10461 | Lair:2   | Reached ****** piety under Okawaru
 10536 | Lair:2   | Received a gift from Okawaru
 10569 | Lair:2   | Noticed Amaemon
 10578 | Lair:2   | Paralysed by Amaemon for 3 turns
 10584 | Arena    | Entered the Arena
 10592 | Arena    | Killed Amaemon
 10593 | Arena    | Reached skill level 5 in Throwing
 10593 | Arena    | Reached XP level 13. HP: 78/78 MP: 10/19
 11046 | Lair:2   | Found an ornate altar of the Wu Jian Council.
 11110 | Lair:2   | Identified the +0 scale mail of the Bequeathed God {Dex+6}
                  | (Okawaru gifted it to you on level 2 of the Lair of Beasts)
 11110 | Lair:2   | Received a gift from Okawaru
 11178 | Lair:2   | Reached skill level 5 in Maces & Flails
 11352 | Lair:3   | Found a staircase to the Snake Pit.
 11370 | Lair:3   | Found a staircase to the Swamp.
 11372 | Lair:3   | Found the +10 zealot's sword {holy, Zealotry, *Rage rN+
                  | EV+3}
 11397 | Lair:3   | Reached skill level 10 in Shields
 12506 | Lair:4   | Reached skill level 10 in Invocations
 12607 | Lair:4   | Reached skill level 10 in Long Blades
 12904 | Lair:4   | Identified the scarf of the Turtle {harm, MP+9} (Okawaru
                  | gifted it to you on level 4 of the Lair of Beasts)
 12904 | Lair:4   | Received a gift from Okawaru
 12912 | Lair:4   | Gained mutation: Your large and strong wings let you fly.
                  | [Gargoyle growth]
 12912 | Lair:4   | Reached XP level 14. HP: 84/84 MP: 19/21
 13238 | Lair:5   | Entered Level 5 of the Lair of Beasts
 13467 | Lair:5   | Found a staircase to the Slime Pits.
 13633 | Lair:5   | Reached skill level 5 in Dodging
 13761 | Lair:5   | HP: 4/84 [one-headed hydra (6)]
 14134 | Lair:5   | Received a gift from Okawaru
 14228 | Lair:5   | Identified the +6 crystal plate armour of the Cartwright
                  | {-Tele rF++ rC+ Str+2} (Okawaru gifted it to you on level 5
                  | of the Lair of Beasts)
 14228 | Lair:5   | Received a gift from Okawaru
 14463 | Snake:1  | Entered Level 1 of the Snake Pit
 14483 | Snake:1  | Identified the ring of Enowk {Ice Int+5}
 14602 | Snake:1  | Found Ygoulout's Armour Shoppe.
 14604 | Snake:1  | Found Cymmoo's Distillery.
 14607 | Snake:1  | Found Suyxaint's Antique Weapon Shoppe.
 14614 | Snake:1  | Bought an ancient falchion for 192 gold pieces
 14614 | Snake:1  | Identified the +4 falchion "Giantbane" {drain, rElec} (You
                  | bought it in a shop on level 1 of the Snake Pit)
 14747 | Snake:1  | Found a glowing silver altar of Zin.
 14818 | Snake:1  | Noticed Nikola
 14838 | Snake:1  | You are sucked into a shaft and drop 1 floor!
 14862 | Snake:2  | Mangled by a salamander

Illustrated notes

Levels and vault maps discovered:
D:1:      ebering_trefoil_3fold, layout_basic, st_stairs_14, serial_bayou_ford_a
D:2:      layout_basic, hangedman_decor_growths, minmay_close_crescents
D:3:      layout_rooms, mainiacjoe_overflow_concentric_impassable,
          mainiacjoe_overflow_paths, shapermc_ecumenical_altar_acropolis,
          chequers_serial_rivers_micro_b
D:4:      layout_basic, riverfiend_overflow_shadow_ancestor,
          minmay_temple_entry_glass, uniq_sigmund
D:5:      layout_gridville
D:6:      layout_basic, xom_teletrap_fun, uniq_duvessa
D:7:      layout_loops_ring, enter_ossuary_3, roderic_batcave
D:8:      layout_layer_cave, minmay_lair_entry_grove, serial_shops,
          nicolae_lakefront_shop, serial_ice, serial_ice_o, serial_ice_d,
          serial_ice_k, serial_ice_a
D:9:      layout_loops_ring, nicolae_wwwww, uniq_maurice
D:10:     layout_irregular_city, led_sif_pool, uniq_snorg
D:11:     layout_basic, zombieorc2_lemuel, chequers_garden
D:12:     layout_basic, portal_ice_cave_entry_imps,
          chequers_serial_rivers_micro_e, minivault_28, uniq_rupert
Temple:   nicolae_temple_elliptical
Lair:1:   layout_big_grid, serial_bayou_pond_a
Lair:2:   layout_gridlike, basic_altar, uniq_amaemon
Lair:3:   layout_small_grid, swamp_mist, minmay_snake_entry_six_corridors,
          worms_lemuel, serial_bayou_shore_a
Lair:4:   layout_gridlike, nzn_random_ring, infiniplex_staircase_pool_2
Lair:5:   minmay_lair_end_enchanted_forest, layout_misc_corridors,
          dpeg_slime_entry_enclosed
Snake:1:  layout_grid_maze, basic_altar, nicolae_snake_guarding_the_ruins,
          minmay_shop_star, uniq_donald, uniq_nikola
Snake:2:  layout_honeycomb

Skill      XL: |  1  2  3  4  5  6  7  8  9 10 11 12 13 14 |
---------------+-------------------------------------------+-----
Stealth        | 1 2 3 5 6 |  6.9
Long Blades    | 1 2 3 4 5 7 8 9 10 11 | 11.0
Shields        | 4 5 6 7 8 9 10 11 | 11.8
Fighting       | 4 5 6 7 8 9 |  9.3
Throwing       | 1 2 3 4 5 6 |  6.1
Short Blades   | 1 2 |  2.0
Invocations    | 1 2 4 5 6 8 9 10 11 | 11.2
Armour         | 4 5 6 |  6.3
Evocations     | 1 3 4 5 6 7 8 |  8.8
Dodging        | 1 2 3 4 5 |  5.3
Maces & Flails | 4 5 6 |  6.1

Action                     |  1- 3 |  4- 6 |  7- 9 | 10-12 | 13-15 || total
---------------------------+-------+-------+-------+-------+-------++-------
  Melee: Flail             |     4 |       |       |       |       ||     4
         Demon blade       |    77 |    68 |   332 |   777 |   322 ||  1576
         Dagger            |       |   129 |    52 |     1 |    29 ||   211
         Demon whip        |       |       |       |   225 |   308 ||   533
         Eudemon blade     |       |       |       |       |   211 ||   211
         Falchion          |       |       |       |       |    55 ||    55
  Throw: Stone             |       |     2 |    52 |       |       ||    54
         Boomerang         |       |       |    31 |    72 |    27 ||   130
         Dart              |       |       |    18 |    46 |    88 ||   152
         Javelin           |       |       |       |     3 |     6 ||     9
 Invoke: Heroism           |       |       |     1 |     6 |     3 ||    10
         Duel              |       |       |       |     1 |       ||     1
  Evoke: Wand              |       |       |       |     9 |       ||     9
    Use: Scroll            |     2 |     1 |     1 |     8 |     8 ||    20
         Potion            |     1 |       |       |       |     1 ||     2
   Stab: Sleeping          |       |       |     8 |     7 |    14 ||    29
         Distracted        |       |       |       |     2 |     1 ||     3
 Armour: Scale mail        |    39 |    80 |   177 |   168 |       ||   464
         Troll leather arm |       |       |       |   332 |   378 ||   710
  Dodge: Dodged            |    27 |    33 |   104 |   343 |   348 ||   855
  Block: Buckler           |     5 |       |       |       |       ||     5
         Tower shield      |    30 |   129 |   346 |  1006 |   929 ||  2440
